 Dungeon Crawl Stone Soup version 0.29.1-1-gd02db6906a (webtiles) character file.

Game seed: 7307083786115111155

28 Peksali the Trooper (level 3, 33/33 HPs)
             Began as a Minotaur Fighter on Oct 4, 2022.
             Was a Follower of Vehumet.
             Quit the game on level 2 of the Dungeon on Oct 22, 2022.
             The game lasted 00:05:58 (623 turns).

Peksali the Trooper (Minotaur Fighter)               Turns: 623, Time: 00:05:59

Health: 33/33      AC:  8    Str: 22    XL:     3   Next: 0%
Magic:  2/2        EV:  9    Int:  5    God:    Vehumet [*.....]
Gold:   64         SH:  5    Dex: 15    Spells: 2/2 levels left

rFire   . . .      SeeInvis .   a - +0 flail
rCold   . . .      Faith    .   c - +0 buckler
rNeg    . . .      Spirit   .   b - +0 scale mail
rPois   .          Reflect  .   (helmet restricted)
rElec   .          Harm     .   (no cloak)
rCorr   .          Rampage  .   h - +0 pair of gloves
Will    .....                   (no boots)
Stlth   ..........              (no amulet)
HPRegen 0.11/turn               j - +6 ring of dexterity
MPRegen 0.08/turn               (no ring)

@: no status effects
A: horns 2, retaliatory headbutt
a: Renounce Religion


You were on level 2 of the Dungeon.
You worshipped Vehumet.
Vehumet was aware of your devotion.
You visited 1 branch of the dungeon, and saw 2 of its levels.

You collected 64 gold pieces.

Inventory:

Hand Weapons
 a - a +0 flail (weapon)
Armour
 b - a +0 scale mail (worn)
 c - a +0 buckler (worn)
 g - a +0 ring mail
 h - a +0 pair of gloves (worn)
Jewellery
 j - a +6 ring of dexterity (left hand)
Scrolls
 e - a scroll of teleportation
 f - a scroll of identify
 i - a scroll of acquirement {unknown}
 l - a scroll of vulnerability {unknown}
Potions
 d - a potion of might
 k - a potion of flight {unknown}


   Skills:
 + Level 4.2 Fighting
 + Level 2.8 Maces & Flails
 + Level 3.9 Armour
 + Level 4.0 Shields


You had 2 spell levels left.
You didn't know any spells.
Your spell library was empty.

Dungeon Overview and Level Annotations

Branches:
Dungeon (2/15)

Altars:
Vehumet


Innate Abilities, Weirdness & Mutations

You have a pair of horns on your head.
You reflexively headbutt those who attack you in melee.


Message History

You hit the adder. Your headbutt misses the adder.
The adder is lightly wounded.
The adder bites you but does no damage. The adder bites you.
You closely miss the adder.
The adder is lightly wounded.
You block the adder's attack. The adder bites you but does no damage.
You hit the adder.
The adder is moderately wounded.
You block the adder's attack.
You hit the adder.
The adder is heavily wounded.
The adder bites you but does no damage. x2
You hit the adder. You headbutt the adder.
You kill the adder!
Vehumet accepts your kill.
Your Shields skill increases to level 4!
You have reached level 3!
Your experience leads to an increase in your attributes!
Your base attributes are Str 20, Int 5, Dex 9.
Increase (S)trength, (I)ntelligence, or (D)exterity?
You feel stronger. x2
HP restored.
Found 10 gold pieces.
Found 9 gold pieces.
You now have 54 gold pieces (gained 9).
You now have 64 gold pieces (gained 10).
Found a scroll labelled NESEGE KOTOES.
Found a stone staircase leading down.
l - a scroll labelled NESEGE KOTOES
Found a ring mail.
There is a stone staircase leading down here.
You see here a +0 ring mail.
Unknown command.
Saving game... please wait.
Welcome back, Peksali the Minotaur Fighter.
Vehumet says: Let it end in hellfire!
Press ? for a list of commands and other information.
Unknown command.
Okay, then.
Are you sure you want to abandon this character and quit the game? (Confirm with "yes".)

##.#..........#
#<##....#.....#
#...######..#...##
####..## ##.##.##
.......## #.##.#
####....# #.##.#
##...# #.##.# ##
#...# #.##.# .#
#...#####.##@# .#
#.........#..#
.####.#.#######.##
......#.# #.#
........# #.#
######### #.# #.#
###############>#
................#


There were no monsters in sight!

Vanquished Creatures
  An adder (D:2)
  A dart slug (D:1)
  2 bats (D:1)
  An endoplasm (D:1)
  4 goblins (D:1)
  A hobgoblin (D:2)
  A quokka (D:1)
  2 frilled lizards (D:1)
  A kobold (D:1)
  3 rats (D:1)
17 creatures vanquished.

Notes
Turn   | Place    | Note
-------+----------+-------------------------------------------
     0 | D:1      | Peksali the Minotaur Fighter began the quest for the Orb.
     0 | D:1      | Reached XP level 1. HP: 19/19 MP: 0/0
   175 | D:1      | Reached XP level 2. HP: 27/27 MP: 1/1
   335 | D:1      | Found a faded altar of an unknown god.
   364 | D:1      | Prayed at the altar of an unknown god.
   364 | D:1      | Became a worshipper of Vehumet
   364 | D:1      | Reached * piety under Vehumet
   364 | D:1      | Offered knowledge of Freeze by Vehumet.
   567 | D:2      | Reached XP level 3. HP: 32/33 MP: 2/2
   623 | D:2      | Quit the game

Illustrated notes

Levels and vault maps discovered:
D:1:      doesnt_arrival_eight_statues, layout_basic,
          ebering_ecumenical_altar_hall
D:2:      layout_loops_ring, kennysheep_generic_room_3

Skill      XL: |  1  2 |
---------------+-------+-----
Fighting       | 4 |  4.2
Shields        | 4 |  4.0
Maces & Flails | |  2.8
Armour         | |  3.9

Action                   || total
-------------------------++-------
Melee: Flail             ||    42
       Headbutt          ||     5
  Use: Scroll            ||     1
Armor: Scale mail        ||    20
Dodge: Dodged            ||    23
Block: Buckler           ||    10
